Cogmind - Beta 13 @@@ ROGUE MODE // 2024.04.19 @ 18:49:19 Player: Modulottie Result: Destroyed by G-47 Trooper with Particle Gun Performance ------------- Evolutions (0) 0 Regions Visited (2) 400 Robots Destroyed (14) 70 Value Destroyed (503) 503 Prototype IDs (0) 0 Alien Tech Used (0) 0 Bonus (22) 22 TOTAL SCORE: 995 Bonus ------- Follower Combat Kills 25 Friendly Fire -3 Cogmind --------- Core Integrity 0/250 Matter 300/300 Energy 250/250 System Corruption 0% Temperature Cool (9) Movement Rolling (105) Ox1 Location -10/Mines Parts ------- > --- POWER (1) -------- Ion Engine > --- PROPULSION (2) --- Wheel Compact Wheel > --- UTILITY (2) ------ Small Storage Unit Medium Storage Unit > --- WEAPON (2) ------- Particle Gun Rocket Launcher > --- INVENTORY (10) --- Ion Engine Light Treads Armored Treads Aluminum Leg Improved Heat Sink Signal Interpreter Improved Light Armor Plating Grenade Launcher Heavy Flail Peak State ------------ > --- POWER ------------ Light Nuclear Core > --- PROPULSION ------- Wheel Compact Wheel > --- UTILITY ---------- Small Storage Unit Medium Storage Unit > --- WEAPON ----------- Particle Gun Assault Rifle > --- INVENTORY -------- Ion Engine Light Treads Light Treads Aluminum Leg Aluminum Leg Aluminum Leg Improved Heat Sink Improved Light Armor Plating Heavy Flail [Rating: 11] Favorites ----------- Power Ion Engine Engine Ion Engine Power Core Light Nuclear Core Propulsion Aluminum Leg Leg Aluminum Leg Wheel Wheel Utility Small Storage Unit Storage Small Storage Unit Weapon Assault Rifle Energy Gun Particle Gun Ballistic Gun Assault Rifle Launcher Rocket Launcher Build | -11 -10 -10 ------- Run | Yrd Mat Min Slots Evolved . | . . . Power . | . . . Propulsion . | . . . Utility . | . . . Weapon . | . . . Parts Attached 21 | 7 4 10 Power 4 | 1 1 2 Engine 3 | 1 1 1 Core 1 | . . 1 Reactor . | . . . Propulsion 8 | 2 2 4 Treads . | . . . Leg 6 | 2 2 2 Wheel 2 | . . 2 Hover . | . . . Flight . | . . . Utility 2 | 1 1 . Device . | . . . Storage 2 | 1 1 . Processor . | . . . Hackware . | . . . Protection . | . . . Artifact . | . . . Weapon 7 | 3 . 4 Energy Gun 2 | 1 . 1 Energy Cannon . | . . . Ballistic Gun 3 | 2 . 1 Ballistic Cannon . | . . . Launcher 2 | . . 2 Special Weapon . | . . . Impact Weapon . | . . . Slashing Weapon . | . . . Piercing Weapon . | . . . Special Melee Weapon . | . . . Unidentified Prototypes . | . . . Parts Lost 2 | . . 2 Power . | . . . Propulsion . | . . . Utility . | . . . Weapon 2 | . . 2 Highest Loss Streak 1 | . . 1 To Critical Strikes . | . . . Average Slot Usage (%) 95 | . 90 99 Engine 9 | . 14 6 Core 4 | . . 7 Leg 15 | . 28 7 Wheel 12 | . . 20 Storage 24 | . 19 28 Energy Gun 5 | . . 9 Ballistic Gun 18 | . 28 12 Launcher 3 | . . 5 Naked Turns . | . . . Heaviest Build 27 | 11 23 27 Greatest Support 26 | 20 20 26 Greatest Overweight (x) 1 | . 1 1 Average Overweight (x) . | . . . Largest Inventory Capacity 10 | 8 10 10 Average Capacity 9 | 7 8 10 Most Carried 10 | 6 8 10 Average Carried 8 | 3 7 9 Final Capacity 10 | 8 10 10 Final Carried 9 | 6 7 9 Class Distribution -------------------- 100% | Mutant Dominant Class ---------------- Mutant | -10/Materials Mutant | -10/Mines Resources | -11 -10 -10 ----------- Run | Yrd Mat Min Matter Collected 609 | 181 172 256 Remotely . | . . . Salvage Created 460 | . 172 288 Parts 27 | . 9 18 Haulers Intercepted . | . . . Recyclers Shooed . | . . . Parts Field Recycled . | . . . Retrieved Matter . | . . . Parts Self-Destructed . | . . . Prevented . | . . . Kills | -11 -10 -10 ------- Run | Yrd Mat Min Combat Hostiles Destroyed 14 | . 4 10 Guns 11 | . 4 7 AOE 3 | . . 3 Classes Destroyed 2 | . 1 1 Swarmer 2 | . . 2 Grunt 12 | . 4 8 Best Kill Streak 4 | . 2 4 Combat Bots Only 4 | . 2 4 Max Kills in Single Turn 2 | . 1 2 Gunslinging . | . . . Exploded 2 | . . 2 Melee . | . . . Uniques/NPCs Destroyed . | . . . Combat | -11 -10 -10 -------- Run | Yrd Mat Min Hostile Shots Fired 93 | . 30 63 Missed 25 | . 8 17 Damage Taken 890 | . 285 605 Core 252 | . 50 202 Absorbed by Shields . | . . . Core Remaining (%) 100 | 100 . . Volleys Fired 48 | . 23 25 Largest 2 | . 2 2 Hottest 98 | . 40 98 Shots Fired 92 | . 46 46 Gun 87 | . 46 41 Cannon . | . . . Launcher 5 | . . 5 Special . | . . . Kinetic 73 | . 46 27 Thermal 14 | . . 14 Explosive 5 | . . 5 Electromagnetic . | . . . Robot Hit Streak 17 | . 17 5 Robot Miss Streak 3 | . 3 3 Penetration Max . | . . . Secondary Targets . | . . . Shots Hit Robots 52 | . 33 19 Core Hits 30 | . 11 19 Critical Kills . | . . . Critical Parts Destroyed . | . . . Critical Strikes . | . . . Melee Attacks . | . . . Impact . | . . . Slashing . | . . . Piercing . | . . . Sneak Attacks . | . . . Combat Hostiles . | . . . Follow-up Attacks . | . . . Damage Inflicted 861 | . 347 514 Guns 577 | . 347 230 Cannons . | . . . Explosions 284 | . . 284 Melee . | . . . Ramming . | . . . Kinetic 483 | . 347 136 Thermal 94 | . . 94 Explosive 284 | . . 284 Electromagnetic . | . . . Impact . | . . . Slashing . | . . . Piercing . | . . . Highest Corruption . | . . . Average Corruption . | . . . Corruption Purged . | . . . Corruption Blocked . | . . . Overload Shots . | . . . Overflow Damage . | . . . Projectiles . | . . . Explosions . | . . . Melee . | . . . Knockbacks . | . . . Impact . | . . . Kinetic . | . . . Secondary . | . . . Self-Inflicted Damage 9 | . . 9 Shots 1 | . . 1 Rammed . | . . . Targets Rammed . | . . . Kicked . | . . . Crushed . | . . . Highest Temperature 204 | . 27 204 Average Temperature 53 | . 10 68 Received Heat Transfer 426 | . 180 246 Siege Activations . | . . . Robots Corrupted . | . . . Combat Hostiles . | . . . Parts Fried . | . . . Impact Corruptions . | . . . Robots Melted . | . . . Combat Hostiles . | . . . Parts Melted . | . . . Heat Transferred 222 | . . 222 Parts Sabotaged . | . . . Parts Stolen . | . . . Parts Stripped . | . . . Power Chain Reactions . | . . . Alert | -11 -10 -10 ------- Run | Yrd Mat Min Peak Influence 278 | . 184 278 Initial 71 | . . 71 Average 138 | . 110 172 Maximum Alert Level 1 | . . 1 Low Security (%) 77 | 100 100 59 Level 1 22 | . . 40 Level 2 . | . . . Level 3 . | . . . Level 4 . | . . . Level 5 . | . . . High Security . | . . . Max Security . | . . . Squads Dispatched 3 | . 1 2 Investigation 2 | . 1 1 Extermination . | . . . Reinforcement . | . . . Assault 1 | . . 1 Garrison . | . . . Intercept . | . . . Searches Triggered . | . . . Construction Impeded . | . . . Haulers Reinforced . | . . . Active Scanning Responses . | . . . Cargo Convoy Interrupts . | . . . Stealth | -11 -10 -10 --------- Run | Yrd Mat Min Distress Signals 1 | . 1 . Communications Jammed . | . . . Distress Signals . | . . . Times Spotted 28 | . 10 18 Peak Tracking Total 4 | . 4 4 Tactical Retreats 1 | . . 1 Traps | -11 -10 -10 ------- Run | Yrd Mat Min Traps Triggered 2 | . 1 1 Indirectly . | . . . Trap Hack Attempts . | . . . Triggered . | . . . Disarmed . | . . . Reprogrammed . | . . . Reused . | . . . Traps Extracted . | . . . Installed . | . . . Triggered . | . . . Machines | -11 -10 -10 ---------- Run | Yrd Mat Min Machines Disabled 1 | . . 1 Max in Single Turn 1 | . . 1 Machines Repaired . | . . . Machines Dismantled . | . . . Machines Sabotaged . | . . . Overloaded Fab Kills . | . . . Hacking | -11 -10 -10 --------- Run | Yrd Mat Min Machines Accessed 4 | . 2 2 Terminals 2 | . 2 . Fabricators . | . . . Repair Stations . | . . . Recycling Units . | . . . Scanalyzers . | . . . Garrison Access . | . . . Total Hacks 9 | . 7 2 Successful 5 | . 3 2 Failed 4 | . 4 . Catastrophic 1 | . 1 . Database Lockouts . | . . . Manual 7 | . 7 . Terminals 7 | . 7 . Fabricators . | . . . Repair Stations . | . . . Recycling Units . | . . . Scanalyzers . | . . . Garrison Access . | . . . Terminal Hacks 3 | . 1 2 Open Door 2 | . . 2 Branch Access Points 1 | . 1 . Fabricator Hacks . | . . . Repair Station Hacks . | . . . Recycling Unit Hacks . | . . . Scanalyzer . | . . . Garrison Access Hacks . | . . . Unauthorized Hacks 2 | . 2 . Terminals 2 | . 2 . Botnet 2 | . 2 . Fabricators . | . . . Repair Stations . | . . . Recycling Units . | . . . Scanalyzers . | . . . Garrison Access . | . . . Data Cores Recovered . | . . . Used . | . . . Hacking Detections 2 | . 2 . Full Trace Events . | . . . Feedback Events . | . . . Feedback Blocked . | . . . Robot Schematics Acquired . | . . . Robots Built . | . . . Authchips . | . . . Time . | . . . Total Robot Build Rating . | . . . Part Schematics Acquired . | . . . Parts Built . | . . . Authchips . | . . . Time . | . . . Total Part Build Rating . | . . . Parts Repaired . | . . . Time . | . . . Parts Recycled . | . . . Recycled Matter . | . . . Retrieved Matter . | . . . Retrieved Components . | . . . Parts Scanalyzed . | . . . Part Schematics Acquired . | . . . Parts Damaged . | . . . Bothacking | -11 -10 -10 ------------ Run | Yrd Mat Min Used RIF Installer . | . . . Robots Hacked . | . . . Non-combat . | . . . Combat . | . . . Robot Hacks Applied . | . . . Relay Couplers Released . | . . . Fabnet Peak Effective % . | . . . Robots Rewired . | . . . Allies Hacked . | . . . Hacks Repelled . | . . . Allies | -11 -10 -10 -------- Run | Yrd Mat Min Total Allies 3 | . . 3 Largest Group 2 | . . 2 Highest-Rated Group 41 | . . 41 Highest-Rated Ally 31 | . . 31 Total Orders . | . . . Ally Attacks 12 | . . 12 Total Damage 166 | . . 166 Kills 2 | . . 2 Allies Corrupted . | . . . Allies Melted . | . . . Intel | -11 -10 -10 ------- Run | Yrd Mat Min Robot Analysis Total . | . . . Derelict Logs Recovered 2 | . . 2 Drone Launches . | . . . Drone Recoveries . | . . . Exploration | -11 -10 -10 ------------- Run | Yrd Mat Min Turns Passed 1064 | 74 387 603 Spaces Moved 701 | 50 193 458 Core 2 | 2 . . Treads . | . . . Legs 310 | 48 193 69 Wheels 389 | . . 389 Hover . | . . . Flight . | . . . Fastest Speed 50 | 50 120 90 Average Speed 120 | 117 147 109 Slowest Speed 190 | 120 190 190 Overloaded Moves . | . . . Propulsion Burnouts . | . . . Robots Hopped . | . . . Cave-ins Triggered . | . . . Exploration Rate (%) 43 | 4 36 89 Regions Visited 2 Branch Regions 1 Pre-discovered Areas 1 | . . 1 Known Exits Taken 1 | . 1 . Unknown Exits Taken 1 | 1 . . Scrap Searched 2 | . . 2 Spaces Dug . | . . . Terrain Destroyed 38 | . . 38 Melee . | . . . Projectile . | . . . AOE 38 | . . 38 Terrain Rammed . | . . . Walls Destroyed . | . . . Machines Disabled . | . . . Actions | -11 -10 -10 --------- Run | Yrd Mat Min Total 831 | 62 256 513 Wait 38 | . 30 8 Move 699 | 49 192 458 Hop . | . . . Pick Up 15 | 6 3 6 Fast Attach 8 | 6 1 1 Attach 2 | . . 2 Detach . | . . . Swap 11 | 1 3 7 Drop 10 | . 4 6 Fire 48 | . 23 25 Melee . | . . . Ram . | . . . Kick . | . . . Crush . | . . . Escape Stasis . | . . . Rewire . | . . . Trap . | . . . Miscellaneous . | . . . Route ------- -11/Scrapyard -10/Materials -10/Mines (discovered 2 exits: [*Mat x2]) History --------- Turn | Location | Event 20 | -11/Scrapyard | Discovered new exit (range 16) 75 | -11/Scrapyard | Entered Materials 104 | -10/Materials | Identified exit to Mines 341 | -10/Materials | Build established: Mutant 462 | -10/Materials | Entered Mines 487 | -10/Mines | Core integrity fell below 50% 622 | -10/Mines | Met a Derelict who couldn't figure out how to use a Trap Extractor 683 | -10/Mines | Discovered new exit (range 12) 688 | -10/Mines | Met a Derelict shopkeep closing up shop 736 | -10/Mines | Met a Derelict testing a Signal Generator 739 | -10/Mines | Received a Rocket Launcher from a helpful Derelict 871 | -10/Mines | Learned location of Storage (-7) 882 | -10/Mines | Discovered new exit (range 15) 896 | -10/Mines | Core integrity fell below 20% 1065 | -10/Mines | Destroyed by G-47 Trooper with Particle Gun Last Messages --------------- 00851_ Found Com. Wheel. 00851_ Found 27 Matter. 00852_ K-01 Serf collects debris. 00871_ Acquired derelict log, extracted data. World map updated: -7/Storage. 00882_ EXIT=FOUND 00887_ G-47 Trooper: "LOCATED POTENTIAL SOURCE OF ANOMALOUS SIGNAL. NEUTRALIZING." 00889_ Assault Rifle destroyed. 00899_ Core Extractor disabled. 00902_ G-34 Mercenary destroyed. 00905_ G-47 Trooper destroyed. 00917_ Acquired 35 matter. 00924_ Acquired 8 matter. 00972_ A pair of derelicts emerge from the shadows: "We're, um, lost. You wouldn't happen to know the way out of here, would you?" 01018_ U-05 Engineer lays Concrete. 01041_ U-05 Engineer builds a Wall. 01044_ U-05 Engineer lays Concrete. Map ----- +----------------------------------------------------+ | ???????????????????????????????????? | | ??????#####????????????????????????? | | ?????## ##???????????????????????? | | ?????# #???????????????????????? | | ?????# #???????????????????????? | | ????## #???????????????????????? | | #???# #????????????????????????? | | #???# ##???????????????????????? | | ##??# ###?????????????????????? | | #### < ##???????###########??? | | ## ##??????# #??? | | #??????# """ """ #??? | | #??????# """ """ #??? | | ##??????# """ """ #??? | | = #???????# #??? | | # * *%########## """ """ #??? | | ## % %[[! """ """ #??? | | ?# = """ """ #??? | | ?## ####### #??? | | ??### ####?????###### ####??? | | ????### ##?????????????# #?????? | | ?????## #???????????#### #?????? | | ?????## # ##???????????# #?????? | | ?????# #######????????# ####?????? | | ?###?## ## ####?????# #????????? | | ## ### # #?????#@#????????? | | # ## #?????# #????????? | | # # #??????# #????###?? | | ## ###?????? ????? ?? | | ?## ##???????? ??? #? | | ??## ##???????? ?? #? | | #### ##??????? #? | | ## #?????? """ """ #? | | ##?# #?????? """ """ #? | | ### ##?# #?????? """ """ #? | | ??# ### ##??????g #? | | ??# ##????? g """ """ #? | | ??## ##???? """ """ #? | | ???## ##??# """ """ #? | | ????## ##?# #? | | ?????###### ##??######## ###? | | ??????????## ##????????# #??? | | ???????????# ##???????# #??? | | ???????????# #???????# #??? | | ???????????## #???????# #??? | | ????????????# =! ##???????# #??? | | ????????????## % ###????????# #??? | | ?????????????####!!#???????#### #??? | | ??????????####### #????#### #??? | | ??????????#= %!%%%*# ??## ##?? | +----------------------------------------------------+ Best States ------------- Heat Dissipation 25 Energy Generation 14 Energy Capacity 250 Matter Stores 300 Matter Capacity 300 Sight Range 16 Terrain Scan Density 10 Evasion (%) 55 Item Schematics ----------------- None Robot Schematics ------------------ None Fabricated ------------ Nothing Alien Tech Used ----------------- None Achievements -------------- None Challenges ------------ None Game ------ Seed XenonGhostSuperbattery Manual? 0 Play Time 00:12:41 Cumulative 16.4 hours Start 2024.04.19 @ 18:38:45 End 2024.04.19 @ 18:49:19 Sessions 1 Manual Loads 0 Difficulty Rogue Special Mode None Game No. 17 Rogue 17 Adventurer 0 Explorer 0 Win Type - Total 0 Types 0/0/0/0/0/0/0/0/0 Lore% 16 Gallery% 22 Achievement% 20 Wizard Run 0 Options --------- Layout 1 ASCII 0 Keyboard 0 Movement Numpad Keybinds 0 Fullscreen 1 Font 24/Terminus Map View 50x35 Zoom Use 0% Tactical HUD 1 Map Filters NONE Filters NONE Steam 1 RUN: a87f79a5-811e-4b8b-bd69-56124939b934